 Dungeon Crawl Stone Soup version 0.22.1-2-g9c5b331 (webtiles) character file.

922 shakethe the Skirmisher (level 7, -4/59 HPs)
             Began as a Demonspawn Gladiator on Nov 19, 2018.
             Was an Initiate of Okawaru.
             Killed by divine providence
             ... invoked by an orc priest
              (15 damage)
             ... on level 4 of the Dungeon.
             The game lasted 00:11:08 (4341 turns).

shakethe the Skirmisher (Demonspawn Gladiator)      Turns: 4341, Time: 00:11:09

Health: -4/59      AC:  7    Str: 14    XL:     7   Next: 84%
Magic:  7/7        EV: 13    Int: 12    God:    Okawaru [......]
Gold:   274        SH:  0    Dex: 14    Spells: 6/6 levels left

rFire    . . .     SeeInvis .     - Unarmed
rCold    . . .     Gourm    .   (no shield)
rNeg     . . .     Faith    .   i - +3 leather armour
rPois    .         Spirit   .   c - +0 helmet
rElec    .         Reflect  .   (no cloak)
rCorr    +         Harm     .   (no gloves)
MR       .....                  (no boots)
Stlth    +.........             (no amulet)
HPRegen  0.19/turn              b - ring of flight
MPRegen  0.10/turn              m - ring of resist corrosion

@: very slightly contaminated
A: claws 1, sturdy frame 2
a: Renounce Religion, Evoke Flight


You were on level 4 of the Dungeon.
You worshipped Okawaru.
Okawaru was noncommittal.
You were not hungry.

You visited 2 branches of the dungeon, and saw 5 of its levels.

You collected 274 gold pieces.

Inventory:

Missiles
 d - a throwing net (quivered)
Armour
 c - a +0 helmet (worn)
 i - a +3 leather armour (worn)
Jewellery
 b - a ring of flight (left claw)
 m - a ring of resist corrosion (right claw)
Wands
 a - a wand of paralysis (14)
Scrolls
 g - 3 scrolls of identify
 h - 3 scrolls of teleportation {unknown}
 j - a scroll of amnesia {unknown}
 k - 4 scrolls of noise {unknown}
 l - a scroll of fear {unknown}
 o - a scroll of remove curse {unknown}
Comestibles
 f - 10 rations
 n - a chunk of flesh


   Skills:
 + Level 6.3 Fighting
   Level 3.6 Axes
 - Level 1.7 Throwing
 - Level 2.6 Dodging
 + Level 5.3 Unarmed Combat


You had 6 spell levels left.
You didn't know any spells.
Your spell library was empty.

Dungeon Overview and Level Annotations

Branches:
Dungeon (4/15)             Temple (1/1) D:4

Altars:
Ashenzari
Dithmenos
Elyvilon
Fedhas
Gozag
Kikubaaqudgha
Makhleb
Okawaru
Qazlal
Sif Muna
Trog
Uskayaw
Vehumet
Wu Jian
Xom
Yredelemnul
Zin
The Shining One

Annotations:
D:3 2 transporters, emiel's ghost, weakling OpFE


Innate Abilities, Weirdness & Mutations

You have sharp fingernails.
Your movements are less encumbered by armour. (ER -4)


Message History

Something tries to affect you, but you resist.
The orc priest closely misses you. Something barely misses you.
The orc hits you with a mace!
* * * LOW HITPOINT WARNING * * *
You aren't carrying any potions.
Unknown command.
You aren't carrying any potions.
You're too confused!
You bump into the stone wall.
The orc hits you with a flail.
* * * LOW HITPOINT WARNING * * *
You bump into the stone wall.
You feel less confused. The orc barely misses you.
Blink to where?
Press: ? - help, Dir - move target cursor You are very lightly contaminated with residual magic.
As you read the scroll of blinking, it crumbles to dust.
The orc priest mumbles some strange prayers to Beogh against you.
Beogh smites you!
You die...

........######.#......#
###..........#.##....##
#..........#..#....#
+..........#..#....#
#..........#..#....#
#..........#..#....#
#..........####...)#
#.....#+##..........
+....@# #.).........
#..?..# #.........
#.....+ #.........
##.....# #.........
#....### .........#
#....# ..........'
.'{.o.# ..........#
...#####oo..#
#...........
..........###


You could see an orc priest and 2 orcs.

Vanquished Creatures
  Grinder (D:3)
  Sigmund (D:3)
  3 big kobolds (D:3)
  A centaur skeleton (D:4)
  A hound (D:2)
  An orc wizard (D:4)
  A worker ant (D:4)
  A hound skeleton (D:4)
  5 gnolls
  3 adders
  A white imp (D:4)
  5 worms
  2 dart slugs (D:1)
  2 leopard geckos
  8 orcs
  7 giant cockroaches
  5 goblins
  5 hobgoblins
  10 jackals
  3 ball pythons (D:3)
  8 bats
  4 frilled lizards
  3 hobgoblin zombies (D:4)
  A jackal skeleton (D:4)
  53 kobolds
  2 kobold skeletons (D:4)
  3 kobold zombies (D:4)
  An orc skeleton (D:4)
  2 orc zombies (D:4)
  6 rats
149 creatures vanquished.

Notes
Turn   | Place    | Note
-------+----------+-------------------------------------------
     0 | D:1      | shakethe the Demonspawn Gladiator began the quest for the
                  | Orb.
     0 | D:1      | Reached XP level 1. HP: 16/16 MP: 1/1
   169 | D:1      | Gained mutation: Your movements are slightly less
                  | encumbered by armour. (ER -2) [demonic ancestry]
   169 | D:1      | Reached XP level 2. HP: 16/23 MP: 2/2
   436 | D:1      | Reached skill level 3 in Fighting
   436 | D:1      | Gained mutation: Your movements are less encumbered by
                  | armour. (ER -4) [demonic ancestry]
   436 | D:1      | Reached XP level 3. HP: 10/29 MP: 3/3
  1266 | D:2      | Reached XP level 4. HP: 37/37 MP: 4/4
  1315 | D:2      | Found an opulent altar of Gozag.
  1320 | D:2      | Found a stormy altar of Qazlal.
  1339 | D:2      | Noticed an air elemental
  1339 | D:2      | Noticed a water elemental
  1341 | D:2      | Noticed a fire elemental
  1341 | D:2      | Noticed an earth elemental
  1380 | D:2      | Reached skill level 4 in Fighting
  1922 | D:2      | Found a faded altar of an unknown god.
  2131 | D:3      | Found a burning altar of Makhleb.
  2467 | D:3      | Gained mutation: You have sharp fingernails. [demonic
                  | ancestry]
  2467 | D:3      | Reached XP level 5. HP: 34/43 MP: 5/5
  2636 | D:3      | Found a transporter.
  2636 | D:3      | Noticed an ogre
  2637 | D:3      | Noticed an ogre
  2637 | D:3      | Noticed emiel's ghost (weakling OpFE)
  2675 | D:3      | Noticed Sigmund
  2706 | D:3      | Killed Sigmund
  2706 | D:3      | Reached skill level 5 in Fighting
  2706 | D:3      | Reached XP level 6. HP: 51/51 MP: 6/6
  3172 | D:3      | Found a transporter.
  3290 | D:3      | Reached XP level 7. HP: 56/56 MP: 7/7
  3474 | D:3      | Noticed Grinder
  3483 | D:3      | Paralysed by Grinder for 5 turns
  3489 | D:3      | Killed Grinder
  3489 | D:3      | Reached skill level 6 in Fighting
  3489 | D:3      | Reached skill level 5 in Unarmed Combat
  4019 | D:4      | Found a glowing golden altar of the Shining One.
  4062 | D:4      | Found a staircase to the Ecumenical Temple.
  4096 | Temple   | Entered the Ecumenical Temple
  4205 | Temple   | Became a worshipper of Warmaster Okawaru
  4341 | D:4      | Killed from afar by an orc priest

Skill      XL: |  1  2  3  4  5  6  7 |
---------------+----------------------+-----
Axes           | 3 |  3.6
Fighting       | 3 4 5 6 |  6.3
Unarmed Combat | 2 3 5 |  5.3
Throwing       | |  1.7
Dodging        | |  2.6

Action                   |  1- 3 |  4- 6 |  7- 9 || total
-------------------------+-------+-------+-------++-------
Melee: War axe           |    96 |   222 |    40 ||   358
       Punch             |       |     1 |     4 ||     5
       Unarmed           |       |       |    72 ||    72
Throw: Throwing net      |       |     3 |       ||     3
  Use: Scroll            |       |       |     2 ||     2
       Potion            |       |       |     1 ||     1
 Stab: Sleeping          |     1 |     1 |       ||     2
       Held in net/web   |       |     1 |       ||     1
  Eat: Chunk             |     1 |     6 |     5 ||    12
Armor: Leather armour    |    34 |    64 |    36 ||   134
Dodge: Dodged            |    83 |   247 |    82 ||   412
